 Dungeon Crawl Stone Soup version 0.31-a0-662-g684573625c (webtiles) character file.

Game seed: 13051503693221194665

4669 AdnanSaban the Basher (level 10, 0/63 HPs)
             Began as a Gargoyle Fighter on Sept 1, 2023.
             Was a Priest of Okawaru.
             Slain by a centaur warrior
             ... wielding a +3 trident of flaming
              (12 damage)
             ... on level 8 of the Dungeon.
             The game lasted 00:11:04 (7607 turns).

AdnanSaban the Basher (Gargoyle Fighter)            Turns: 7607, Time: 00:11:04

Health: 0/63       AC: 30    Str: 25    XL:     10   Next: 44%
Magic:  8/10       EV: 14    Int:  8    God:    Okawaru [***...]
Gold:   378        SH: 13    Dex: 15    Spells: 9/9 levels left

rFire   . . .        a - +1 flail (drain)
rCold   . . .        v - +0 kite shield
rNeg    + . .        n - +0 plate armour
rPois   ∞            s - +0 helmet
rElec   +            u - +0 cloak
rCorr   .            t - +2 pair of gloves
SInv    .            w - +0 pair of boots
Will    .....        x - amulet of the acrobat Stlth
                     f - +5 ring of evasion
HPRegen 0.30/turn    r - +6 ring of dexterity
MPRegen 0.12/turn

%: acrobat
@: heroic
A: sickness immunity, AC +7, negative energy resistance 1, electricity
resistance, torment resistance 1, petrification resistance
a: Renounce Religion, Heroism


You were on level 8 of the Dungeon.
You worshipped Okawaru.
Okawaru was most pleased with you.
You visited 2 branches of the dungeon, and saw 9 of its levels.

You collected 378 gold pieces.

Inventory:

Hand Weapons
 a - a +1 flail of draining (weapon)
Missiles
 j - 10 poisoned darts (quivered)
 z - 4 throwing nets
 B - 3 javelins
 D - 2 boomerangs
 E - 5 curare-tipped darts
Armour
 n - a +0 plate armour (worn)
 s - a +0 helmet (worn)
 t - a +2 pair of gloves (worn)
 u - a +0 cloak (worn)
 v - a +0 kite shield (worn)
 w - a +0 pair of boots (worn)
Jewellery
 f - a +5 ring of evasion (left hand)
 o - a ring of fire
 r - a +6 ring of dexterity (right hand)
 x - an amulet of the acrobat (around neck)
Scrolls
 e - 3 scrolls of enchant weapon {unknown}
 g - a scroll of enchant armour {unknown}
 h - a scroll of revelation {unknown}
 i - 6 scrolls of identify {unknown}
 m - 3 scrolls of teleportation {unknown}
 p - 3 scrolls of poison {unknown}
 q - 2 scrolls of noise {unknown}
 y - 2 scrolls of blinking {unknown}
 C - a scroll of vulnerability {unknown}
Potions
 b - 2 potions of heal wounds {unknown}
 c - a potion of curing {unknown}
 d - 2 potions of might
 k - 2 potions of attraction {unknown}
 l - 2 potions of enlightenment {unknown}
 A - a potion of cancellation {unknown}
 F - a potion of degeneration {unknown}


   Skills:
 + Level 7.5(12.5) Fighting
 + Level 10.0(15.0) Maces & Flails
 + Level 2.0(7.0) Throwing
 + Level 7.1(12.1) Armour
 + Level 1.2(6.2) Dodging
 + Level 1.0(6.0) Stealth
 + Level 8.3(13.3) Shields


You had 9 spell levels left.
You didn't know any spells.
Your spell library contained the following spells:

 Spells                   Type           Power      Damage    Failure   Level
 Magic Dart               Conj           0%         1d3       99%         1
 Blink                    Tloc           0%         N/A       100%        2
 Ensorcelled Hibernation  Hex/Ice        0%         N/A       100%        2
 Static Discharge         Conj/Air       0%         2-2/arc   100%        2
 Mephitic Cloud           Conj/Pois/Air  0%         N/A       100%        3
 Airstrike                Air            0%         2d(0-16)  100%        4
 Anguish                  Hex/Necr       0%         N/A       100%        4
 Manifold Assault         Tloc           0%         N/A       100%        4
 Call Imp                 Summ           Unusable   N/A       N/A         2
 Summon Lightning Spire   Summ/Air       Unusable   N/A       N/A         4

Dungeon Overview and Level Annotations

Branches:
Dungeon (8/15)             Temple (1/1) D:7
   Lair: D:8-11

Altars:
Ashenzari
Cheibriados
Dithmenos
Elyvilon
Fedhas
Gozag
Hepliaklqana
Kikubaaqudgha
Makhleb
Nemelex Xobeh
Okawaru
Qazlal
Ru
Sif Muna
Trog
Uskayaw
Xom
Yredelemnul
Zin
The Shining One

Shops:
D:3 *   D:6 [!

Annotations:
D:4 Dowan, Duvessa
D:8 Pikel


Innate Abilities, Weirdness & Mutations

You are immune to sickness and miasma.
Your stone body is resilient. (AC +7)
You are immune to poison.
You resist negative energy. (rN+)
You are resistant to electric shocks. (rElec)
You are resistant to unholy torment.
You are immune to petrification.


Message History

You start resting.
Magic restored.
You start resting.
HP restored.
You see here an ugly thing corpse.
Items here: )) [ ÷.
j - 10 poisoned darts (gained 1)
A centaur warrior comes into view. It is wielding a +3 trident of flaming.
The centaur warrior shouts!
The centaur warrior unwields a +3 trident of flaming.
It stops flaming.
The centaur warrior wields a +0 shortbow.
The centaur warrior shoots an arrow.
The arrow hits you!!
Items here: )) [ ÷.
You see here an ugly thing corpse.
The centaur warrior unwields a +0 shortbow.
The centaur warrior wields a +3 trident of flaming.
It bursts into flame!
The centaur warrior barely misses you. You block the centaur warrior's attack.
You hit the centaur warrior but do no damage.
You block the centaur warrior's attack.
The centaur warrior kicks you but does no damage.
You hit the centaur warrior. You drain the centaur warrior.
The centaur warrior is lightly wounded.
The centaur warrior hits you but does no damage.
The centaur warrior kicks you.
The centaur warrior hits you with a +3 trident of flaming!
The centaur warrior burns you. You block the centaur warrior's attack.
You closely miss the centaur warrior.
The centaur warrior is lightly wounded.
The centaur warrior hits you with a +3 trident of flaming!
* * * LOW HITPOINT WARNING * * *
The centaur warrior burns you.
* * * LOW HITPOINT WARNING * * *
The centaur warrior closely misses you.
You gain the combat prowess of a mighty hero.
The centaur warrior hits you but does no damage.
You block the centaur warrior's attack.
The centaur warrior hits you with a +3 trident of flaming!
You die...

# ####### ### ######
#.♣.♣.#♣♣.♣♣ ♣..@c♣♣
#♣.♣.♣♣♣.♣.♣♣♣..♣♣.♣♣
..♣÷♣...♣♣♣.♣...♣♣).♣
#♣.♣.♣♣♣♣ ♣♣.♣♣♣♣.♣♣.♣
#.♣.♣.# ♣♣♣...♣♣ ♣♣
#############♣.♣######
# #♣≈≈≈~~♣.♣~~≈≈≈♣# #
#≈≈≈~~S♣.♣~~~≈≈≈#
#≈≈~~S.....~~S≈≈#


You could see a centaur warrior (drained).

Vanquished Creatures
  A two-headed ogre (D:7)
  A tengu warrior (D:8)
  The ghost of Opifex the Covert, a novice NaDe of Trog (D:6)
  An ugly thing (D:8)
  A wyvern (D:8)
  2 steam dragons
  A water moccasin (D:6)
  A sky beast (D:7)
  An orc warrior (D:6)
  A black bear (D:6)
  An ice beast (D:5)
  2 phantoms
  A lemure (D:7)
  5 bullfrogs
  A scorpion (D:5)
  4 wights (D:8)
  A howler monkey (D:8)
  An electric eel (D:8)
  4 orc priests
  2 jellies
  3 gnoll boudas
  4 sleepcaps
  2 iguanas
  10 orc wizards
  Robin (D:4)
  15 gnolls
  5 adders
  A shadow imp (D:7)
  A white imp (D:6)
  2 worms
  A dart slug (D:1)
  21 orcs
  6 endoplasms
  7 giant cockroaches
  11 goblins
  10 hobgoblins
  A quokka (D:2)
  7 ball pythons
  7 bats
  9 frilled lizards
  5 kobolds
  2 rats (D:1)
  A spectral hobgoblin (D:3)
165 creatures vanquished.

Vanquished Creatures (others)
  An orc (D:6)
1 creature vanquished.

Grand Total: 166 creatures vanquished

Notes
Turn   | Place    | Note
-------+----------+-------------------------------------------
     0 | D:1      | AdnanSaban the Gargoyle Fighter began the quest for the
                  | Orb.
     0 | D:1      | Reached XP level 1. HP: 14/14 MP: 1/1
   309 | D:1      | Reached XP level 2. HP: 19/19 MP: 2/2
   404 | D:1      | Found a faded altar of an unknown god.
   953 | D:2      | Reached XP level 3. HP: 23/23 MP: 3/3
  1081 | D:2      | Reached skill level 3 in Maces & Flails
  1081 | D:2      | Reached XP level 4. HP: 21/29 MP: 4/4
  1435 | D:3      | Identified the +0 chain mail of Conscience {rElec}
  1473 | D:3      | Noticed a phantom
  1492 | D:3      | Killed a phantom
  1493 | D:3      | Reached XP level 5. HP: 25/33 MP: 5/5
  1565 | D:3      | Found a hazy altar of Hepliaklqana.
  1598 | D:3      | Reached skill level 4 in Maces & Flails
  1808 | D:3      | Found Qiunao Ivyti's General Store.
  2254 | D:3      | Found a glowing golden altar of the Shining One.
  2303 | D:3      | Reached XP level 6. HP: 38/38 MP: 6/6
  2535 | D:4      | Reached skill level 5 in Maces & Flails
  2681 | D:4      | Noticed Robin
  2823 | D:4      | Killed Robin
  3167 | D:5      | Entered Level 5 of the Dungeon
  3180 | D:5      | Reached XP level 7. HP: 36/44 MP: 7/7
  3274 | D:5      | Noticed Duvessa
  3274 | D:5      | Noticed Dowan
  4438 | D:6      | Found a runed translucent gate.
  4438 | D:6      | Found a runed translucent gate.
  4438 | D:6      | Found a runed translucent gate.
  4514 | D:6      | Reached skill level 5 in Armour
  4582 | D:6      | Reached skill level 6 in Maces & Flails
  4644 | D:6      | Noticed a steam dragon
  4699 | D:6      | Reached skill level 5 in Fighting
  4699 | D:6      | Reached XP level 8. HP: 47/49 MP: 8/8
  4763 | D:5      | Reached skill level 1 in Dodging
  4999 | D:6      | Found Qeujiwk's Armour Shoppe.
  5162 | D:6      | Reached skill level 5 in Shields
  5389 | D:6      | Found Okaxeddyq's Distillery.
  5389 | D:6      | You fall into a shaft and drop 2 floors!
  5414 | D:8      | Reached skill level 7 in Maces & Flails
  5415 | D:8      | Noticed Pikel
  5453 | D:7      | Found a staircase to the Ecumenical Temple.
  5472 | Temple   | Entered the Ecumenical Temple
  5481 | Temple   | Became a worshipper of Warmaster Okawaru
  5547 | D:6      | Reached skill level 1 in Throwing
  5584 | D:6      | Noticed Opifex's ghost (novice NaDe)
  5742 | D:6      | Killed Opifex's ghost
  5742 | D:6      | Reached * piety under Okawaru
  5743 | D:6      | Reached skill level 8 in Maces & Flails
  5743 | D:6      | Reached XP level 9. HP: 30/55 MP: 9/9
  6135 | D:7      | Found an opulent altar of Gozag.
  6723 | D:8      | Reached ** piety under Okawaru
  6740 | D:8      | Noticed a tengu warrior
  6881 | D:8      | Noticed a two-headed ogre
  6896 | D:7      | Killed a two-headed ogre
  6897 | D:7      | Reached skill level 9 in Maces & Flails
  6897 | D:7      | Reached XP level 10. HP: 54/63 MP: 10/10
  7038 | D:8      | Found a blossoming altar of Fedhas.
  7041 | D:8      | Found a stormy altar of Qazlal.
  7225 | D:8      | Killed a tengu warrior
  7225 | D:8      | Reached *** piety under Okawaru
  7429 | D:8      | Noticed a green ugly thing
  7455 | D:8      | Killed a green ugly thing
  7456 | D:8      | Reached skill level 10 in Maces & Flails
  7456 | D:8      | Reached skill level 1 in Stealth
  7593 | D:8      | Noticed a centaur warrior
  7607 | D:8      | Slain by a centaur warrior

Illustrated notes

Levels and vault maps discovered:
D:1:      lemuel_arrival_muddy, layout_basic, basic_ecumenical_altar,
          st_stairs_14, minmay_misc_feat_room, minmay_hexomino_p4
D:2:      layout_rooms
D:3:      layout_basic, nicolae_hepliaklqana_monster_ancestors, tso_metal_star,
          serial_shops, nicolae_shop_behind_doors
D:4:      layout_gridville, minmay_quantized, uniq_robin
D:5:      layout_basic, minmay_lizard_king, uniq_duvessa
D:6:      layout_loops_ring, ebering_ghost_rock_garden, serial_shops, shop, shop
D:7:      layout_loops_cross, lemuel_tele_altar, minmay_temple_entry_waves,
          corexii_item_surrounded_by_moat, st_stairs_12
D:8:      nzn_winding_woodlands_large [nzn_winding_woodlands_5x5_checkerboard,
          nzn_winding_woodlands_5x15_crooked,
          nzn_winding_woodlands_5x5_closed_star,
          nzn_winding_woodlands_center_lodge,
          nzn_winding_woodlands_15x15_eel_pit,
          nzn_winding_woodlands_center_triple_pond,
          nzn_winding_woodlands_hourglass, nzn_winding_woodlands_5x15_pool,
          nzn_winding_woodlands_5x5_default], layout_gridville,
          grunt_temple_overflow_forces_of_nature, nicolae_vehumet_radiance,
          hangedman_abyss_or_decor_clamps, st_stairs_10, uniq_pikel
Temple:   hellmonk_temple_of_storms

Skill      XL: |  1  2  3  4  5  6  7  8  9 10 |
---------------+-------------------------------+-----
Maces & Flails | 3 4 5 6 8 9 10 | 10.0
Armour         | 4 5 6 7 |  7.1
Fighting       | 4 5 6 7 |  7.5
Shields        | 4 6 7 8 |  8.3
Dodging        | 1 |  1.2
Throwing       | 1 2 |  2.0
Stealth        | 1 |  1.0

Action                     |  1- 3 |  4- 6 |  7- 9 | 10-12 || total
---------------------------+-------+-------+-------+-------++-------
  Melee: Flail             |    89 |   218 |   408 |    61 ||   776
  Throw: Dart              |       |       |    18 |     8 ||    26
 Invoke: Heroism           |       |       |       |     2 ||     2
 Armour: Scale mail        |    62 |       |       |       ||    62
         Plate armour      |       |   168 |   284 |    81 ||   533
  Dodge: Dodged            |    52 |   128 |   191 |    37 ||   408
  Block: Buckler           |    14 |    47 |     4 |       ||    65
         Kite shield       |       |       |   213 |    26 ||   239

Table legend: (Time is in decaauts)
 A = Elapsed time spent in this place.
 B = Non-inter-level travel time spent in this place.
 C = Inter-level travel time spent in this place.
 D = Time resting spent in this place.
 E = Time spent auto-exploring this place.
 F = Levels seen in this place.
 G = Mean time per level.
                   A        B        C        D        E       F      G
               +--------+--------+--------+--------+--------+-----+--------+
         Total |   7763 |   7320 |    443 |    541 |   4980 |   9 |  862.6 |
       Dungeon |   7744 |   7317 |    427 |    541 |   4980 |   8 |  968.0 |
        Temple |     18 |      2 |     16 |      0 |      0 |   1 |   18.0 |
               +--------+--------+--------+--------+--------+-----+--------+

Top non-repeatable levels by time:
     D:3: 1435 daAuts
     D:5: 1308 daAuts
     D:6: 1272 daAuts
     D:8: 937 daAuts
     D:1: 932 daAuts
     D:7: 828 daAuts
     D:4: 635 daAuts
     D:2: 394 daAuts
  Temple: 18 daAuts
